 Dungeon Sprint DCSS version 0.22.0-18-ge075c0d (webtiles) character file.

8800000 poirepourri the Conqueror (level 27, -45/273 HPs)
             Began as a Minotaur Fighter on Aug 18, 2018.
             Was the Champion of Makhleb.
             Annihilated by a destroyer
             ... wielding a +9 great sword of slicing
              (88 damage)
             ... in the Dungeon (Sprint VIII: "Arena of Blood").
             The game lasted 00:02:04 (88 turns).

poirepourri the Conqueror (Minotaur Fighter)          Turns: 88, Time: 00:02:05

Health: -45/273    AC: 13    Str: 24    XL:     27
Magic:  34/53      EV: 32    Int:  5    God:    Makhleb [******]
Gold:   0          SH:  0    Dex: 20    Spells: 80/80 levels left

rFire    . . .     SeeInvis .   l - +∞ Axe of Woe
rCold    . . .     Gourm    .   (shield currently unavailable)
rNeg     . . .     Faith    .   b - +0 scale mail
rPois    .         Spirit   .   (helmet restricted)
rElec    .         Reflect  .   (no cloak)
rCorr    .         Harm     .   (no gloves)
MR       ++...     NoTele   +   (no boots)
Stlth    ++++++++..             (no amulet)
HPRegen  0.55/turn              (no ring)
MPRegen  0.33/turn              (no ring)

@: no status effects
A: retaliatory headbutt, horns 2
a: Minor Destruction, Lesser Servant of Makhleb, Major Destruction, Greater
Servant of Makhleb, Renounce Religion


You were in the Dungeon.
You worshipped Makhleb.
Makhleb was exalted by your worship.
You were not hungry.

You visited 1 branch

Inventory:

Hand Weapons
 a - a +0 war axe
 l - the +∞ Axe of Woe (weapon)
   (You found it in the Dungeon)
Armour
 b - a +0 scale mail (worn)
 c - a +0 shield
Scrolls
 k - a scroll of blinking
Potions
 d - a potion of might
 e - a potion of curing
 g - a potion of heal wounds
 h - a potion of haste
 i - 2 potions of magic
 j - a potion of berserk rage
Comestibles
 f - a ration


   Skills:
 O Level 27 Fighting
 O Level 27 Axes
 O Level 27 Throwing
 O Level 27 Armour
 O Level 27 Dodging
 O Level 27 Stealth
 O Level 27 Shields
 O Level 27 Unarmed Combat
 O Level 27 Spellcasting
 O Level 27 Invocations


You had 80 spell levels left.
You didn't know any spells.
Your spell library was empty.

Dungeon Overview and Level Annotations

Branches:
Dungeon (1/1)

Altars:
Makhleb


Innate Abilities, Weirdness & Mutations

You reflexively headbutt those who attack you in melee.
You have a pair of horns on your head.


Message History

The meat berserker shouts!
You hear a shout! x2
The meat berserker is engulfed in blazing flames.
You hear a shout!
A destroyer comes into view.
It is wielding a +9 great sword of slicing.
You hear a shout! x2
The sculptor of flesh is engulfed in blazing flames.
The destroyer blinks!
You hear a shout!
The meat berserker is engulfed in blazing flames.
The meat berserker dies!
A meat berserker comes into view. It is wielding a +9 battleaxe.
You hear a shout! 4 orcs and a vampire knight come into view.
The destroyer is wielding a +9 great sword of slicing.
You are engulfed in blazing flames.
* * * LOW HITPOINT WARNING * * *
The destroyer shouts!
You hear a shout! x3
The destroyer is engulfed in blazing flames.
The destroyer hits you with a +9 great sword of slicing!!!!
You die...

..... .. #... .#
. #... ..#
..###... ..###.
......###...L..
....%_......
#)))..# #§)<)_#
#@z%).#
#.oo..V§§V%.....
o......o###......
V.o###§.M ..###.
.. #... ..# #%...
o# .%O.. ..
......


You could see an accursed, a tyrant (wandering), 3 destroyers, a sculptor of
flesh, a meat berserker (berserk) and 5 bags of meat.

Vanquished Creatures
  A greater mummy (D)
  4 wraiths (D)
  7 vampire knights (D)
  15 ogres (D)
  4 two-headed ogres (D)
  3 liches (D)
  25 orcs (D)
59 creatures vanquished.

Vanquished Creatures (others)
  An ogre (D)
1 creature vanquished.

Grand Total: 60 creatures vanquished

Notes
Turn   | Place    | Note
-------+----------+-------------------------------------------
     0 | D        | Found the +∞ Axe of Woe
     0 | D        | poirepourri the Minotaur Fighter began the quest for the Orb.
     0 | D        | Reached XP level 1. HP: 19/19 MP: 0/0
     1 | D        | Noticed a bag of meat
     1 | D        | Noticed a bag of meat
     3 | D        | Noticed a bag of meat
     3 | D        | Noticed a bag of meat
     3 | D        | Noticed a bag of meat
     4 | D        | Noticed a meat berserker
     4 | D        | Noticed a bag of meat
     6 | D        | Noticed a bag of meat
     7 | D        | Noticed a bag of meat
     7 | D        | Noticed a bag of meat
     9 | D        | Killed a bag of meat
     9 | D        | Reached skill level 10 in Axes
     9 | D        | Reached XP level 2. HP: 53/53 MP: 1/1
     9 | D        | Reached XP level 3. HP: 60/60 MP: 2/2
     9 | D        | Reached XP level 4. HP: 69/69 MP: 3/3
     9 | D        | Reached XP level 5. HP: 75/75 MP: 4/4
     9 | D        | Reached XP level 6. HP: 83/83 MP: 5/5
     9 | D        | Reached XP level 7. HP: 91/91 MP: 6/6
     9 | D        | Reached XP level 8. HP: 99/99 MP: 7/7
     9 | D        | Reached XP level 9. HP: 105/105 MP: 8/8
     9 | D        | Reached XP level 10. HP: 114/114 MP: 9/9
     9 | D        | Reached XP level 11. HP: 121/121 MP: 10/10
     9 | D        | Killed a bag of meat
     9 | D        | Reached XP level 12. HP: 136/136 MP: 11/11
     9 | D        | Noticed a bag of meat
     9 | D        | Noticed a meat berserker
    10 | D        | Killed a meat berserker
    10 | D        | Reached XP level 13. HP: 16/151 MP: 12/12
    10 | D        | Reached XP level 14. HP: 17/160 MP: 13/13
    10 | D        | Killed a bag of meat
    10 | D        | Reached skill level 15 in Axes
    10 | D        | Killed a bag of meat
    10 | D        | Reached XP level 15. HP: 18/173 MP: 14/14
    10 | D        | Reached skill level 27 in Fighting
    10 | D        | Reached skill level 27 in Armour
    10 | D        | Reached skill level 27 in Shields
    10 | D        | Noticed a meat berserker
    11 | D        | Reached skill level 27 in Axes
    11 | D        | Reached XP level 16. HP: 20/183 MP: 15/15
    12 | D        | Killed a meat berserker
    12 | D        | Reached skill level 10 in Dodging
    12 | D        | Reached skill level 10 in Unarmed Combat
    13 | D        | Reached skill level 10 in Stealth
    13 | D        | Reached XP level 17. HP: 21/191 MP: 15/28
    16 | D        | Killed a meat berserker
    16 | D        | Reached skill level 15 in Throwing
    17 | D        | Became a worshipper of Makhleb the Destroyer
    18 | D        | Reached skill level 15 in Stealth
    18 | D        | Reached skill level 5 in Invocations
    18 | D        | Reached XP level 18. HP: 23/200 MP: 16/33
    19 | D        | Reached * piety under Makhleb
    19 | D        | Reached skill level 10 in Invocations
    22 | D        | Reached ** piety under Makhleb
    22 | D        | Reached XP level 19. HP: 25/207 MP: 16/36
    22 | D        | Noticed a meat berserker
    25 | D        | Noticed a large bag of meat
    26 | D        | Noticed a large bag of meat
    27 | D        | Killed a meat berserker
    27 | D        | Reached skill level 15 in Spellcasting
    27 | D        | Reached skill level 15 in Invocations
    27 | D        | Noticed a large bag of meat
    30 | D        | Killed a large bag of meat
    30 | D        | Noticed a destroyer
    32 | D        | Killed a large bag of meat
    32 | D        | Reached *** piety under Makhleb
    32 | D        | Reached XP level 20. HP: 152/216 MP: 19/40
    35 | D        | Killed a large bag of meat
    35 | D        | Noticed a meat berserker
    37 | D        | Killed a destroyer
    37 | D        | Reached **** piety under Makhleb
    37 | D        | Reached skill level 27 in Dodging
    37 | D        | Reached skill level 27 in Unarmed Combat
    37 | D        | Reached XP level 21. HP: 85/224 MP: 20/43
    40 | D        | Reached skill level 27 in Throwing
    41 | D        | Noticed a destroyer
    43 | D        | Noticed a destroyer
    44 | D        | Reached ***** piety under Makhleb
    44 | D        | Reached skill level 27 in Stealth
    45 | D        | Noticed a tyrant
    48 | D        | Killed a destroyer
    48 | D        | Reached skill level 27 in Invocations
    48 | D        | Reached XP level 22. HP: 221/233 MP: 23/49
    50 | D        | Reached skill level 27 in Spellcasting
    51 | D        | Reached XP level 23. HP: 240/240 MP: 23/53
    52 | D        | Noticed a tyrant
    53 | D        | Killed a destroyer
    55 | D        | Reached ****** piety under Makhleb
    58 | D        | Reached XP level 24. HP: 249/249 MP: 25/53
    59 | D        | Killed a tyrant
    60 | D        | Noticed a destroyer
    61 | D        | Killed a tyrant
    62 | D        | Reached XP level 25. HP: 257/257 MP: 26/53
    64 | D        | Noticed a tyrant
    65 | D        | Noticed a dread
    65 | D        | Noticed an accursed
    66 | D        | Noticed an accursed
    67 | D        | Noticed a dread
    67 | D        | Noticed a destroyer
    67 | D        | Noticed a tyrant
    68 | D        | Killed a dread
    69 | D        | Killed a destroyer
    69 | D        | Reached XP level 26. HP: 266/266 MP: 28/53
    70 | D        | Noticed a destroyer
    70 | D        | Noticed a destroyer
    71 | D        | Killed a destroyer
    72 | D        | Killed a tyrant
    73 | D        | Noticed a dread
    73 | D        | Noticed a large bag of meat
    73 | D        | Noticed a dread
    75 | D        | Killed a dread
    75 | D        | Reached XP level 27. HP: 247/273 MP: 30/53
    77 | D        | Killed an accursed
    78 | D        | Killed a dread
    79 | D        | Killed a destroyer
    82 | D        | Killed a destroyer
    82 | D        | Killed a large bag of meat
    83 | D        | Noticed a destroyer
    86 | D        | Killed a dread
    86 | D        | Noticed a tyrant
    87 | D        | Noticed a destroyer
    88 | D        | Noticed a destroyer
    88 | D        | Annihilated by a destroyer

Skill      XL: |  1  2  3  4  5  6  7  8  9 10 11 12 13 14 15 16 17 18 19 20 21 22 |
---------------+-------------------------------------------------------------------+-----
Fighting       | 18 21 24 26 27 | 27.0
Axes           | 10 12 14 16 27 | 27.0
Armour         | 18 21 23 25 27 | 27.0
Shields        | 18 20 23 25 27 | 27.0
Throwing       | 11 16 19 22 25 27 | 27.0
Dodging        | 12 17 20 24 27 | 27.0
Stealth        | 10 15 18 21 23 27 | 27.0
Unarmed Combat | 12 17 20 24 27 | 27.0
Spellcasting   | 8 12 14 17 19 24 27 | 27.0
Invocations    | 5 13 18 21 27 | 27.0

Action                   |  1- 3 |  4- 6 |  7- 9 | 10-12 | 13-15 | 16-18 | 19-21 | 22-24 | 25-27 || total
-------------------------+-------+-------+-------+-------+-------+-------+-------+-------+-------++-------
Melee: Executioner's axe |     1 |       |       |     1 |     1 |     7 |    10 |    10 |    13 ||    43
Invok: Greater Servant o |       |       |       |       |       |       |       |       |     1 ||     1
 Stab: Distracted        |       |       |       |       |       |       |       |       |     1 ||     1
Armor: Scale mail        |       |       |       |       |       |       |     1 |       |       ||     1
Dodge: Dodged            |       |       |       |       |     1 |       |       |       |     1 ||     2
